AoeStats
← kkkg

Hill Fort

506394351Analyzed
3v3 RM · 19d ago on Sep 13, 2026· 29m 53s· 6 players
Game mode
Random Map
Map size
Normal (6 player)
Population
200
Speed
Normal
Resources
Standard
Victory
Conquest
Starting age
Dark Age
Ending age
Imperial Age
RankedLock teamsTeams togetherTeam positionsShared explorationLock speedFull tech treeHidden civsTurbo modeCheats
Victory
Defeat
🇹🇷 Burgundians · Türkiye
968
+17
🇮🇹 Byzantines · Italy
892
+20
🇹🇷 Turks · Türkiye
889
+20
🇫🇷 Celts · France
1069
-22
🇨🇳 Poles · China
998
-20
🇨🇳 Ethiopians · China
895
-15
(DB) Eydur
7:12 Loom
8:11 Wheelbarrow
9:02 Double-Bit Axe
10:48 Feudal Age
9:16 Horse Collar
12:24 Feudal Age
12:24 Gold Mining
12:25 Stone Mining
16:46 Castle Age
18:39 Cavalier
20:12 Scale Barding Armor
20:10 Husbandry
enricodandoloparu
0:28 Loom
11:03 Feudal Age
11:37 Double-Bit Axe
11:38 Horse Collar
18:43 Castle Age
17:32 Gold Mining
17:32 Man-at-Arms
19:38 Bow Saw
19:53 Scale Barding Armor
20:09 Husbandry
21:50 Stone Mining
24:11 Gold Shaft Mining
25:04 Chain Barding Armor
(DB) Ezdur
12:13 Feudal Age
12:48 Horse Collar
12:54 Double-Bit Axe
13:55 Loom
19:07 Castle Age
17:56 Gold Mining
20:45 Bow Saw
21:36 Gold Shaft Mining
25:07 Imperial Age
25:48 Wheelbarrow
30:18 Heavy Plow
Alcaz
maRtin993♪
12:06 Feudal Age
10:55 Loom
12:44 Feudal Age
14:10 Stone Mining
14:08 Double-Bit Axe
16:57 Castle Age
22:31 Forging
22:22 Scale Mail Armor
26:52 Chain Mail Armor
27:12 Iron Casting
28:25 Iron Casting
28:37 Royal Heirs
kkkg
12:05 Feudal Age
13:41 Stone Mining
14:33 Double-Bit Axe
15:02 Horse Collar
20:28 Castle Age
20:32 Loom
23:57 Gold Mining
24:43 Stone Shaft Mining
24:19 Husbandry
24:32 Bloodlines
24:35 Forging
24:31 Scale Barding Armor
25:16 Heavy Plow
Connection lost

Rejoining the realm…

Still unreachable

The connection could not be restored.

Session expired

The server has moved on; the page needs a fresh start.